 Dungeon Crawl Stone Soup version 0.31-a0-538-gbc85326fa9 (webtiles) character file.

Game seed: 17633775600964795844

596 avis the Cleaver (level 7, -2/57 (59) HPs)
             Began as a Hill Orc Monk on Aug 13, 2023.
             Was a Priest of Beogh.
             Slain by a wight
             ... wielding a +1 mace
              (9 damage)
             ... on level 6 of the Dungeon.
             The game lasted 00:22:47 (4934 turns).

avis the Cleaver (Hill Orc Monk)                    Turns: 4934, Time: 00:22:47

HP:   -2/57 (59)    AC: 10    Str: 16    XL:     7   Next: 40%
MP:   10/10         EV:  8    Int: 10    God:    Beogh [***...]
Gold: 184           SH:  0    Dex: 13    Spells: 6/6 levels left

rFire   . . .        a - +0 battleaxe
rCold   . . .        (shield currently unavailable)
rNeg    . . .        L - +0 chain mail
rPois   .            (no helmet)
rElec   .            (no cloak)
rCorr   .            (no gloves)
SInv    .            E - +1 pair of boots {rampage}
Will    .....        (no amulet) Stlth
                     (no ring)
HPRegen 0.29/turn    (no ring)
MPRegen 0.12/turn

%: rampage
@: confused, ambrosia-drunk, lightly drained
A: no striking features
a: Renounce Religion, Smiting


You were on level 6 of the Dungeon.
You worshipped Beogh.
Beogh was most pleased with you.
You visited 1 branch of the dungeon, and saw 6 of its levels.

You collected 334 gold pieces.
You spent 150 gold pieces at shops.

Inventory:

Hand Weapons
 a - a +0 battleaxe (weapon)
 b - a +4 flail
 m - a +0 spear
 x - a +0 sling
 F - a +0 hand axe
Missiles
 q - 6 boomerangs (quivered)
 v - 3 atropa-tipped darts
 z - 30 stones
 B - 13 poisoned darts
 J - 5 datura-tipped darts
Armour
 d - an orb of light
 E - a +1 pair of boots of rampaging (worn)
 H - a +0 buckler
 L - a +0 chain mail (worn)
Magical Staves
 j - a staff of earth
Wands
 D - a wand of light (7)
 I - a wand of polymorph (2)
Scrolls
 e - a scroll of amnesia {unknown}
 f - 6 scrolls of identify {unknown}
 i - 2 scrolls of fear {unknown}
 r - a scroll of torment {unknown}
 s - a scroll of immolation {unknown}
 t - a scroll of teleportation {unknown}
 w - a scroll of summoning {unknown}
 A - a scroll of poison {unknown}
 C - 2 scrolls of revelation {unknown}
 K - 2 scrolls of enchant weapon {unknown}
Potions
 g - 3 potions of heal wounds {unknown}
 h - 4 potions of degeneration {unknown}
 k - 3 potions of enlightenment {unknown}
 l - 2 potions of brilliance {unknown}
 n - 2 potions of invisibility {unknown}
 o - 3 potions of curing {unknown}
 p - a potion of experience {unknown}
 u - 3 potions of haste {unknown}
 G - a potion of resistance {unknown}


   Skills:
 - Level 4.0 Fighting
 * Level 9.1 Axes
 - Level 1.0 Armour
 - Level 2.6 Dodging
 + Level 5.0 Invocations


You had 6 spell levels left.
You didn't know any spells.
Your spell library contained the following spells:

 Spells                   Type           Power      Damage    Failure   Level
 Lesser Beckoning         Tloc           0%         N/A       100%        2
 Scorch                   Fire           0%         2d5       100%        2
 Gell's Gravitas          Tloc           0%         N/A       100%        3
 Portal Projectile        Hex/Tloc       0%         N/A       100%        3
 Teleport Other           Tloc           0%         N/A       100%        3
 Tukima's Dance           Hex            0%         N/A       100%        3
 Flame Wave               Conj/Fire      0%         2d4       100%        4
 Iskenderun's Mystic Bla  Conj/Tloc      0%         2d3       100%        4
 Summon Cactus Giant      Summ           0%         N/A       100%        6


Dungeon Overview and Level Annotations

Branches:
Dungeon (6/15)
 Temple: D:4-7

Altars:
Cheibriados
Sif Muna

Shops:
D:5 [[

Annotations:
D:2 1 runed translucent door, exclusion: door, Crazy Yiuf


Message History

You closely miss the wight. You hit the wight but do no damage.
The gnoll hits you from afar with a +0 spear.
The wight hits you but does no damage. The wight hits you with a +1 mace.
You feel drained.
You slash the wight!
You destroy the wight!
Beogh accepts your kill.
You hit the wight but do no damage.
A gnoll comes into view. It is wielding a +0 club.
The gnoll closely misses you.
The wight hits you from afar with a +4 spear of freezing!
You feel drained. The wight freezes you.
A wight comes into view. It is wielding a +0 short sword.
The wight hits you with a +1 mace!
* * * LOW HITPOINT WARNING * * *
Your Axes skill increases to level 9!
Your Invocations skill increases to level 5!
The wight hits you but does no damage. The wight hits you with a +1 mace.
* * * LOW HITPOINT WARNING * * *
Things that are here:
a +0 short sword; a +0 robe You slash the wight!
The wight is heavily damaged.
The wight completely misses you. The wight hits you with a +1 mace!
* * * LOW HITPOINT WARNING * * *
You are confused.
You feel invigorated. The gnoll misses you. The wight closely misses you. x2
You closely miss the wight. You slash the wight!
The wight hits you with a +0 short sword.
* * * LOW HITPOINT WARNING * * *
The wight hits you but does no damage.
The gnoll hits you from afar with a +0 spear.
* * * LOW HITPOINT WARNING * * *
You miss the wight. You barely miss the wight.
The gnoll hits you from afar with a +0 spear.
* * * LOW HITPOINT WARNING * * *
The wight hits you with a +0 short sword.
* * * LOW HITPOINT WARNING * * *
The wight hits you with a +1 mace!
You die...

. ##. # # ..
.## ##. #.#
... ..##..
##.# #..
.##...#
#.)##.#...#
#ggz.#
#..##@#
#gz#z##z.#
....##....##
#.## z#.##.
# .##$ . ##
. ## #.


You could see 2 wights and 2 gnolls.

Vanquished Creatures
  Blork the orc (D:5)
  A scorpion (D:4)
  A wight (D:6)
  A howler monkey (D:5)
  A jelly (D:5)
  4 hounds
  2 orc priests
  An iguana (D:4)
  An orc wizard (D:6)
  2 adders
  A gnoll (D:6)
  A worm (D:3)
  5 dart slugs
  10 orcs
  6 ball pythons
  10 endoplasms
  2 giant cockroaches
  7 goblins
  6 hobgoblins
  4 kobolds
  2 quokkas
  3 bats
  A frilled lizard (D:1)
  5 rats
78 creatures vanquished.

Vanquished Creatures (others)
  An orc priest (D:3)
  4 orcs
5 creatures vanquished.

Grand Total: 83 creatures vanquished

Notes
Turn   | Place    | Note
-------+----------+-------------------------------------------
     0 | D:1      | avis the Hill Orc Monk began the quest for the Orb.
     0 | D:1      | Reached XP level 1. HP: 19/19 MP: 1/1
   158 | D:1      | Reached XP level 2. HP: 25/27 MP: 2/2
   981 | D:2      | Reached XP level 3. HP: 33/33 MP: 3/3
  1086 | D:2      | You fall into a shaft and drop 1 floor!
  1351 | D:2      | Reached skill level 5 in Axes
  1558 | D:2      | Found a runed translucent door.
  1559 | D:2      | Noticed Crazy Yiuf
  1651 | D:2      | Found a faded altar of an unknown god.
  2136 | D:3      | Became a worshipper of Beogh the Brigand
  2136 | D:3      | Reached * piety under Beogh
  2136 | D:3      | Reached ** piety under Beogh
  2304 | D:3      | Reached skill level 1 in Armour
  2304 | D:3      | Reached skill level 1 in Invocations
  2304 | D:3      | Reached XP level 4. HP: 10/40 MP: 4/4
  2311 | D:2      | HP: 1/40 [orc/+4 flail (5)]
  2806 | D:3      | Reached skill level 6 in Axes
  3078 | D:4      | Reached XP level 5. HP: 45/46 MP: 6/6
  3303 | D:4      | Reached skill level 7 in Axes
  3443 | D:4      | Reached XP level 6. HP: 47/52 MP: 8/8
  3479 | D:4      | Reached *** piety under Beogh
  3609 | D:5      | Entered Level 5 of the Dungeon
  3780 | D:5      | Found Cekkoj's Antique Armour Boutique.
  3788 | D:5      | Bought a pair of embroidered boots for 150 gold pieces
  3837 | D:5      | Noticed Blork the orc
  3862 | D:5      | Killed Blork the orc
  3863 | D:5      | Reached skill level 8 in Axes
  3979 | D:5      | Found Cuitac's Antique Armour Shop.
  4004 | D:5      | Found a snail-covered altar of Cheibriados.
  4006 | D:5      | Reached XP level 7. HP: 59/59 MP: 10/10
  4010 | D:5      | Found a shimmering blue altar of Sif Muna.
  4928 | D:6      | Reached skill level 9 in Axes
  4928 | D:6      | Reached skill level 5 in Invocations
  4934 | D:6      | Slain by a wight

Illustrated notes

Levels and vault maps discovered:
D:1:      elethiomel_arrival_shortcut, layout_basic, minmay_strange_pillars
D:2:      layout_basic, basic_ecumenical_altar, uniq_crazy_yiuf_cottage
D:3:      layout_basic
D:4:      layout_loops_ring, minivault_26, minmay_checkerbox
D:5:      layout_basic, jmf_multi_god_temple, serial_shops,
          nicolae_diamond_shop, shop_fountains, kennysheep_generic_room_9,
          uniq_blork_the_orc
D:6:      layout_basic, minmay_temple_entry_butterflies, nicolae_eternal_life

Skill      XL: |  1  2  3  4  5  6  7 |
---------------+----------------------+-----
Fighting       | 4 |  4.0
Axes           | 5 6 7 8 9 |  9.1
Armour         | 1 |  1.0
Invocations    | 1 2 3 4 5 |  5.0
Dodging        | |  2.6

Action                     |  1- 3 |  4- 6 |  7- 9 || total
---------------------------+-------+-------+-------++-------
  Melee: Hand axe          |    75 |     3 |       ||    78
         Flail             |       |    88 |       ||    88
         Battleaxe         |       |     1 |    27 ||    28
   Fire: Sling             |    13 |       |       ||    13
  Throw: Boomerang         |    11 |       |       ||    11
 Invoke: Convert to Beogh  |     1 |       |       ||     1
    Use: Potion            |       |       |     1 ||     1
 Armour: Robe              |    16 |     1 |       ||    17
         Scale mail        |       |    30 |     3 ||    33
         Chain mail        |       |       |    11 ||    11
  Dodge: Dodged            |    52 |    54 |    20 ||   126

Table legend: (Time is in decaauts)
 A = Elapsed time spent in this place.
 B = Non-inter-level travel time spent in this place.
 C = Inter-level travel time spent in this place.
 D = Time resting spent in this place.
 E = Time spent auto-exploring this place.
 F = Levels seen in this place.
 G = Mean time per level.
                   A        B        C        D        E       F      G
               +--------+--------+--------+--------+--------+-----+--------+
         Total |   4973 |   4111 |    862 |    571 |   2420 |   6 |  828.8 |
       Dungeon |   4973 |   4111 |    862 |    571 |   2420 |   6 |  828.8 |
               +--------+--------+--------+--------+--------+-----+--------+

Top non-repeatable levels by time:
     D:2: 1171 daAuts
     D:5: 1128 daAuts
     D:1: 1091 daAuts
     D:4: 765 daAuts
     D:3: 756 daAuts
     D:6: 61 daAuts
